Map: Catalyst LE

Players

Seamonsta - Winner!

  • Race: Zerg Zerg
  • League: Diamond
  • Spawn Location: 11:00

Atticuskirk

  • Race: Protoss Protoss
  • League: Platinum
  • Spawn Location: 5:00

VOD

Have the link to the VOD?

Description

Time

  • Played on: March 2, 2018, 6:41 p.m.
  • Length: 14:28
Show
View Real Time Build Order
Export as new Build Order

Seamonsta Zerg - Winner!

Build Orders: Hatch First 

Get SALT Encoding   

  12  0:01  Drone  
  13  0:13  Overlord  
  13  0:17  Drone  
  14  0:32  Drone  
  14  0:33  Drone  
  14  0:35  Drone  
  17  0:55  Hatchery  
  16  0:57  Drone  
  16  1:01  Drone  
  18  1:11  Extractor  
  18  1:17  Spawning Pool  
  16  1:22  Drone  
  16  1:23  Drone  
  18  1:28  Drone  
  19  1:39  Overlord  
  19  1:50  Drone  
  20  2:00  Drone  
  21  2:04  Queen  
  21  2:07  Drone  
  24  2:10  Queen  
  24  2:12  Drone  
  27  2:18  Zergling x2  
  27  2:22  Drone  
  29  2:25  Metabolic Boost  
  29  2:28  Zergling x2  
  30  2:33  Overlord  
  30  2:39  Drone  
  31  2:49  Queen  
  31  2:50  Queen  
  35  2:53  Drone  
  35  2:55  Drone  
  36  3:11  Hatchery  
  35  3:15  Drone x2  
  37  3:25  Overlord  
  37  3:26  Drone x2  
  39  3:32  Lair  
  39  3:33  Drone  
  40  3:37  Pneumatized Carapace  
  40  3:58  Overlord x2  
  40  3:59  Drone x5  
  45  4:09  Baneling Nest  
  44  4:17  Extractor  
  44  4:21  Drone x6  
  44  4:24  Queen  
  49  4:25  Queen  
  53  4:42  Drone x4  
  53  4:43  Extractor  
  56  4:47  Spore Crawler  
  56  4:49  Spore Crawler  
  56  4:50  Spore Crawler  
  56  4:51  Spore Crawler  
  56  4:52  Spore Crawler  
  51  4:57  Spore Crawler  
  50  5:13  Centrifical Hooks  
  50  5:15  Zergling x24  
  61  5:30  Overseer  
  61  5:37  Drone x2  
  61  5:38  Drone x3  
  66  5:46  Drone x2  
  66  5:47  Drone x3  
  66  5:48  Drone  
  66  5:49  Overlord x2  
  72  6:06  Queen  
  72  6:07  Hydralisk Den  
  72  6:08  Drone x7  
  80  6:23  Drone x4  
  80  6:24  Drone  
  80  6:25  Hydralisk Den  
  84  6:30  Extractor  
  83  6:38  Grooved Spines  
  83  6:42  Extractor  
  83  6:44  Overlord, Extractor  
  83  6:45  Spore Crawler  
  83  6:46  Overlord  
  80  7:03  Hydralisk x4  
  80  7:06  Muscular Augments  
  88  7:12  Hydralisk x2  
  88  7:14  Zergling x8  
  88  7:15  Zergling x2  
  97  7:16  Overlord x3  
  97  7:34  Overseer  
  97  7:36  Hydralisk x5  
  107  7:52  Hydralisk x3  
  113  7:59  Overseer  
  113  8:08  Spire  
  107  8:39  Hydralisk x4  
  113  8:59  Overlord  
  113  9:00  Overlord x2  
  113  9:17  Queen x3  
  113  9:18  Hatchery  
  118  9:26  Hydralisk x9  
  136  9:52  Overseer  
  136  9:58  Overlord x2  
  136  10:00  Overlord x2  
  136  10:08  Zerg Flyer Weapons Level 1  
  136  10:10  Overlord  
  136  10:16  Queen x2  
  127  10:44  Hydralisk x4  
  127  10:45  Hydralisk x9  
  127  10:46  Corruptor x9  
  171  11:09  Corruptor x3  
  177  11:13  Hydralisk x2  
  177  11:15  Overlord x7  
  181  11:32  Hydralisk x5  
  181  11:33  Hydralisk  
  189  11:46  Corruptor x2  
  181  12:04  Corruptor x3  
  183  12:09  Zergling x22  
  178  12:20  Corruptor x2  
  180  12:26  Hydralisk x2  
  156  13:18  Corruptor x8  
  172  13:37  Drone x2  
  172  13:40  Extractor  
  169  13:41  Extractor  
Show
View Real Time Build Order
Export as new Build Order

Atticuskirk Protoss 

Build Orders: 1 Gate Expand 

Get SALT Encoding   

  12  0:01  Probe  
  13  0:13  Probe (Chrono Boost)  
  14  0:17  Pylon  
  14  0:25  Probe (Chrono Boost)  
  15  0:37  Probe (Chrono Boost), Gateway  
  16  0:58  Pylon  
  16  1:01  Probe (Chrono Boost)  
  17  1:12  Probe (Chrono Boost)  
  18  1:23  Nexus  
  18  1:34  Forge  
  18  1:36  Probe  
  19  1:48  Cybernetics Core  
  19  1:56  Pylon  
  19  1:59  Probe  
  20  2:06  Assimilator  
  20  2:20  Gateway  
  19  2:25  Photon Cannon  
  19  2:39  Shield Battery  
  19  2:41  Shield Battery, Warp Gate (Chrono Boost)  
  19  2:43  Probe x2  
  21  3:08  Probe (Chrono Boost), Assimilator  
  22  3:16  Probe (Chrono Boost)  
  24  3:25  Probe (Chrono Boost)  
  24  3:26  Probe (Chrono Boost)  
  25  3:31  Probe (Chrono Boost)  
  27  3:42  Probe (Chrono Boost)  
  27  3:44  Probe (Chrono Boost)  
  27  3:45  Stargate  
  28  3:51  Probe (Chrono Boost)  
  28  3:54  Probe (Chrono Boost)  
  30  3:57  Probe  
  31  4:03  Probe  
  31  4:09  Probe  
  33  4:19  Robotics Facility  
  33  4:41  Fleet Beacon  
  33  4:46  Pylon  
  33  4:48  Stalker  
  35  4:55  Stalker  
  36  5:15  Nexus  
  36  5:19  Stalker x2  
  40  5:24  Pylon  
  40  5:25  Pylon  
  40  5:45  Probe x2, Assimilator  
  40  5:47  Assimilator  
  40  5:49  Graviton Catapult, Nexus  
  42  5:57  Probe  
  42  5:58  Probe  
  42  5:59  Photon Cannon  
  42  6:00  Shield Battery  
  42  6:01  Shield Battery  
  44  6:04  Shield Battery  
  44  6:06  Photon Cannon  
  44  6:09  Probe  
  44  6:10  Probe  
  46  6:13  Photon Cannon  
  46  6:22  Probe  
  47  6:26  Pylon  
  47  6:28  Pylon  
  47  6:33  Probe (Chrono Boost)  
  50  6:41  Probe x2 (Chrono Boost)  
  50  6:45  Probe (Chrono Boost)  
  51  6:51  Carrier  
  60  6:54  Probe (Chrono Boost)  
  60  6:55  Probe x2 (Chrono Boost)  
  60  6:57  Shield Battery  
  60  7:00  Probe  
  60  7:04  Photon Cannon  
  60  7:05  Shield Battery  
  61  7:10  Photon Cannon  
  61  7:12  Probe  
  61  7:14  Photon Cannon  
  62  7:17  Pylon  
  62  7:20  Pylon  
  62  7:32  Stargate  
  62  7:33  Stargate  
  62  7:34  Zealot  
  62  7:35  Stalker  
  66  7:38  Probe (Chrono Boost)  
  68  7:47  Probe (Chrono Boost)  
  68  7:50  Probe (Chrono Boost)  
  69  7:56  Probe x2 (Chrono Boost)  
  69  7:57  Probe (Chrono Boost)  
  72  7:59  Probe (Chrono Boost)  
  72  8:04  Probe  
  72  8:05  Probe  
  75  8:06  Probe  
  75  8:09  Stargate  
  75  8:11  Probe  
  77  8:12  Stargate  
  77  8:17  Probe x2  
  77  8:19  Probe  
  80  8:23  Probe  
  80  8:24  Carrier  
  86  8:29  Probe x2  
  86  8:31  Probe  
  84  8:35  Probe  
  85  8:41  Probe  
  85  8:46  Photon Cannon  
  85  8:47  Photon Cannon  
  86  8:51  Pylon  
  86  8:58  Pylon  
  86  9:04  Carrier  
  92  9:13  Assimilator  
  93  9:17  Probe  
  93  9:18  Assimilator  
  93  9:21  Gateway  
  93  9:25  Pylon  
  93  9:27  Pylon  
  93  9:29  Probe  
  94  9:33  Assimilator  
  94  9:34  Assimilator  
  94  9:41  Probe  
  94  9:42  Stalker x2  
  99  9:50  Robotics Facility  
  99  9:52  Carrier (Chrono Boost)  
  105  9:53  Probe  
  105  9:54  Protoss Air Weapons Level 1  
  106  10:05  Probe  
  107  10:16  Photon Cannon  
  107  10:17  Photon Cannon  
  107  10:18  Photon Cannon  
  107  10:19  Shield Battery  
  107  10:23  Probe  
  108  10:35  Probe, Carrier x2 (Chrono Boost)  
  109  10:36  Carrier (Chrono Boost)  
  108  10:47  Probe  
  127  11:03  Pylon x2  
  126  11:06  Pylon  
  126  11:08  Pylon  
  126  11:11  Pylon  
  126  11:13  Pylon  
  126  11:14  Pylon x2  
  126  11:16  Pylon  
  126  11:17  Mothership (Chrono Boost)  
  126  11:18  Pylon  
  126  11:24  Observer  
  128  11:28  Probe (Chrono Boost)  
  136  11:39  Probe (Chrono Boost)  
Tags
 
Add a new tag
Caveats
  • Supply blocks, unpowered buildings, or Contaminate may cause inaccurate times.
  • Supply counts are checked every 10 seconds.